 Dungeon Crawl Stone Soup version 0.30-a0-509-gd016549fea (webtiles) character file.

Game seed: 11516117142593814928

53 zishaf the Gusty (level 3, -5/21 HPs)
             Began as a Tengu Air Elementalist on Dec 22, 2022.
             Slain by Crazy Yiuf
             ... wielding a +3 quarterstaff of chaos
              (19 damage)
             ... on level 2 of the Dungeon.
             The game lasted 00:01:44 (975 turns).

zishaf the Gusty (Tengu Air Elementalist)            Turns: 975, Time: 00:01:44

Health: -5/21      AC:  3    Str:  8    XL:     3   Next: 89%
Magic:  7/7        EV: 12    Int: 17    God:
Gold:   82         SH:  0    Dex: 14    Spells: 3/6 levels left

rFire   . . .      SeeInvis .    f - +0 whip (drain)
rCold   . . .      Faith    .    e - orb {light}
rNeg    . . .      Spirit   .    a - +0 robe
rPois   .          Reflect  .    (helmet restricted)
rElec   .          Harm     .    g - +0 cloak
rCorr   .          Rampage  .    (no gloves)
Will    .....                    (boots unavailable)
Stlth   +.........               i - amulet of regeneration
HPRegen 1.03/turn                c - +4 ring of slaying
MPRegen 0.10/turn                (no ring)

@: glowing
A: beak, talons 3
a: no special abilities


You were on level 2 of the Dungeon.
You visited 1 branch of the dungeon, and saw 2 of its levels.

You collected 82 gold pieces.

Inventory:

Hand Weapons
 f - a +0 whip of draining (weapon)
Armour
 a - a +0 robe (worn)
 e - an orb of light (worn)
 g - a +0 cloak (worn)
Jewellery
 c - a +4 ring of slaying (left hand)
 i - an amulet of regeneration (around neck)
Scrolls
 d - a scroll of blinking {unknown}
 l - a scroll of identify {unknown}
Potions
 b - a potion of magic
 h - 3 potions of curing {unknown}
 j - a potion of attraction {unknown}
 k - a potion of brilliance {unknown}


   Skills:
 + Level 1.7 Fighting
 - Level 2.1 Dodging
 - Level 2.0 Stealth
 - Level 2.0 Spellcasting
 + Level 2.9 Conjurations
 + Level 4.8 Air Magic


You had 3 spell levels left.
You knew the following spells:

 Your Spells              Type           Power      Damage    Failure   Level
a - Shock                 Conj/Air       60%        1d6       3%          1
A - Static Discharge      Conj/Air       30%        2-4/arc   6%          2

Your spell library contained the following spells:

 Spells                   Type           Power      Damage    Failure   Level
 Swiftness                Air            18%        N/A       8%          3
 Beastly Appendage        Tmut           2%         N/A       19%         1
 Wereblood                Tmut           1%         N/A       28%         2
 Spider Form              Tmut/Pois      1%         N/A       50%         3
 Airstrike                Air            9%         2d(2-18)  26%         4


Dungeon Overview and Level Annotations

Branches:
Dungeon (2/15)

Altars:

Annotations:
D:2 Crazy Yiuf


Innate Abilities, Weirdness & Mutations

You have a beak for a mouth.
You have claws for feet.


Message History

Found a dagger.
You see here a +0 dagger.
Found a dagger.
No target in view!
Found a stone staircase leading up.
You now have 80 gold pieces (gained 11).
Found a stone staircase leading up.
You now have 82 gold pieces (gained 2).
There is a stone staircase leading up here.
There is a stone staircase leading up here.
Found 6 stones.
Found ten hammers.
An endoplasm comes into view.
The endoplasm quivers.
You see here 6 stones.
An endoplasm is nearby!
Found a hammer.
Found a hammer.
The endoplasm hits you but does no damage.
You completely miss the endoplasm.
The endoplasm hits you but does no damage.
You hit the endoplasm. You claw the endoplasm.
You kill the endoplasm!
No target in view!
You see here a +0 hammer.
You see here a +0 hammer.
You see here a +0 hammer.
Found a hammer.
Found a runed translucent door.
Crazy Yiuf shouts!
As you open the door, it creaks loudly!
You hit Crazy Yiuf. You drain Crazy Yiuf.
You peck Crazy Yiuf, but do no damage.
Crazy Yiuf is moderately wounded.
Crazy Yiuf barely misses you. Crazy Yiuf closely misses you.
You hit Crazy Yiuf. You drain Crazy Yiuf.
Crazy Yiuf is heavily wounded.
Crazy Yiuf hits you with a +3 quarterstaff of chaos!
You are electrocuted!!
Ouch! That really hurt!
You die...

## ######. .......
######. ######## #.
#......###♣♣ ### #.
#......)))P♣♣ ♣♣#..)#
#.
#.......)))P♣♣♣♣@g...#
#.
#......)))PP.♣..♣#...#
#########.
#.......))).♣.♣♣♣ ###
#..#....#.
#.......##♣♣♣♣♣
#......## #.####.##
#....... #
####(##########
#.......
#....#........#
#......
#.####........# #....
#.####.......## #....


You could see Crazy Yiuf (very drained).

Vanquished Creatures
  Jessica (D:2)
  2 ball pythons
  2 bats (D:1)
  2 endoplasms
  2 goblins (D:1)
  2 hobgoblins (D:2)
  6 jackals (D:1)
  A quokka (D:1)
  2 frilled lizards
  3 kobolds
  A rat (D:1)
24 creatures vanquished.

Notes
Turn   | Place    | Note
-------+----------+-------------------------------------------
     0 | D:1      | zishaf the Tengu Air Elementalist began the quest for the
                  | Orb.
     0 | D:1      | Reached XP level 1. HP: 10/10 MP: 4/4
   218 | D:1      | Reached XP level 2. HP: 16/16 MP: 6/6
   503 | D:1      | Reached skill level 1 in Fighting
   519 | D:1      | Learned a level 2 spell: Static Discharge
   750 | D:2      | Noticed Jessica
   755 | D:2      | Reached XP level 3. HP: 20/20 MP: 7/7
   757 | D:2      | Killed Jessica
   969 | D:2      | Found a runed translucent door.
   970 | D:2      | Noticed Crazy Yiuf
   975 | D:2      | Slain by Crazy Yiuf

Illustrated notes

Levels and vault maps discovered:
D:1:      ebering_hopf_link, layout_loops_cross, fountainhead
D:2:      layout_basic, uniq_crazy_yiuf_cottage, uniq_sigmund, uniq_jessica

Skill      XL: |  1  2 |
---------------+-------+-----
Conjurations   | 2 |  2.9
Fighting       | 1 |  1.7
Dodging        | |  2.1
Stealth        | |  2.0
Spellcasting   | |  2.0
Air Magic      | |  4.8

Action                   || total
-------------------------++-------
Melee: Whip              ||    30
       Unarmed           ||     2
       Peck              ||     3
       Kick              ||     5
 Cast: Shock             ||     5
Armor: Robe              ||     6
Dodge: Dodged            ||    16

Table legend: (Time is in decaauts)
 A = Elapsed time spent in this place.
 B = Non-inter-level travel time spent in this place.
 C = Inter-level travel time spent in this place.
 D = Time resting spent in this place.
 E = Time spent auto-exploring this place.
 F = Levels seen in this place.
 G = Mean time per level.
                   A        B        C        D        E       F      G
               +--------+--------+--------+--------+--------+-----+--------+
         Total |    977 |    949 |     28 |      0 |    779 |   2 |  488.5 |
       Dungeon |    977 |    949 |     28 |      0 |    779 |   2 |  488.5 |
               +--------+--------+--------+--------+--------+-----+--------+

Top non-repeatable levels by time:
     D:1: 743 daAuts
     D:2: 233 daAuts
